 Dungeon Crawl Stone Soup version 0.30-a0-972-gf3ab3527aa (webtiles) character file.

Game seed: 7576382668893699005

343 Newt the Trooper (level 6, -1/46 (48) HPs)
             Began as a Demonspawn Gladiator on Mar 31, 2023.
             Slain by Grinder (5 damage)
             ... while paralysed by Grinder
             ... on level 4 of the Dungeon.
             The game lasted 00:04:52 (3919 turns).

Newt the Trooper (Demonspawn Gladiator)             Turns: 3919, Time: 00:04:53

HP:   -1/46 (48)    AC:  4    Str: 17    XL:     6   Next: 31%
MP:   6/6           EV:  2    Int: 15    God:
Gold: 130           SH:  0    Dex: 14    Spells: 5/5 levels left

rFire   + . .      SeeInvis .    a - +0 rapier (vamp)
rCold   . . .      Faith    .    (no shield)
rNeg    . . .      Spirit   .    b - +0 leather armour
rPois   .          Reflect  .    c - +0 helmet
rElec   .          Rampage  .    (no cloak)
rCorr   .                        (no gloves)
Will    .....                    (no boots)
Stlth   ++                       (no amulet)
HPRegen 0.27/turn                m - ring of protection from fire
MPRegen 0.10/turn                g - +6 ring of intelligence

@: paralysed, lightly drained
A: hooves 2, demonic magic 1
a: no special abilities


You were on level 4 of the Dungeon.
You visited 1 branch of the dungeon, and saw 4 of its levels.
You also visited: Sewer.

You collected 130 gold pieces.

Inventory:

Hand Weapons
 a - a +0 vampiric rapier (weapon)
Missiles
 f - 32 stones
 u - 3 poisoned darts (quivered)
Armour
 b - a +0 leather armour (worn)
 c - a +0 helmet (worn)
 s - a +2 scale mail of fire resistance
Jewellery
 g - a +6 ring of intelligence (right hand)
 m - a ring of protection from fire (left hand)
 w - a ring of resist corrosion
 y - an amulet of magic regeneration
Scrolls
 r - a scroll of fear
 v - a scroll of teleportation
 B - a scroll of identify
Potions
 e - a potion of mutation {unknown}
 i - a potion of resistance
 j - a potion of berserk rage {unknown}
 k - a potion of invisibility
 l - 2 potions of degeneration {unknown}
 n - a potion of flight {unknown}
 o - 2 potions of heal wounds
 p - 3 potions of attraction {unknown}
 q - a potion of curing {unknown}
 t - a potion of magic {unknown}
 z - a potion of haste {unknown}
 A - a potion of lignification {unknown}


   Skills:
 - Level 4.0 Fighting
 - Level 4.0 Short Blades
 - Level 1.7 Throwing
 + Level 1.7 Armour
 - Level 4.0 Dodging
 - Level 1.5 Stealth


You had 5 spell levels left.
You didn't know any spells.
Your spell library contained the following spells:

 Spells                   Type           Power      Damage    Failure   Level
 Blink                    Tloc           0%         N/A       43%         2
 Lesser Beckoning         Tloc           0%         N/A       43%         2
 Momentum Strike          Conj/Tloc      0%         3d8       43%         2


Dungeon Overview and Level Annotations

Branches:
Dungeon (4/15)              Sewer (visited)
 Temple: D:4-7

Altars:

Annotations:
D:4 Grinder


Innate Abilities, Weirdness & Mutations

You have hoof-like feet.
Spells you cast may paralyse adjacent enemies.


Message History

You throw a poisoned dart. The poisoned dart hits Grinder.
Grinder is severely wounded.
Grinder hits you.
You writhe in agony.
Throw: 7 darts (poison)
Press: ? - help, Q - select action, (/) - cycle Shift-Dir - straight line, f/p - Grinder
Aim: Grinder (severely wounded, 57% to hit)
You throw a poisoned dart. The poisoned dart hits Grinder.
Grinder is poisoned.
Grinder is severely wounded.
Grinder blinks!
Throw: 6 darts (poison)
Press: ? - help, Q - select action, (/) - cycle Shift-Dir - straight line, f/p - Grinder
Aim: Grinder (severely wounded, poisoned, 57% to hit)
You throw a poisoned dart.
The poisoned dart closely misses Grinder.
Grinder says, "At least Makhleb appreciates what I'm doing."
Grinder closely misses you.
Throw: 5 darts (poison)
Press: ? - help, Q - select action, (/) - cycle Shift-Dir - straight line, f/p - Grinder
Aim: Grinder (severely wounded, poisoned, 57% to hit)
You throw a poisoned dart.
The poisoned dart completely misses Grinder.
Grinder gestures at you.
You barely resist. You hit Grinder but do no damage. Your kick misses Grinder.
Grinder is severely wounded.
Grinder hits you.
You writhe in agony.
* * * LOW HITPOINT WARNING * * *
Throw: 4 darts (poison)
Press: ? - help, Q - select action, (/) - cycle Shift-Dir - straight line, f/p - Grinder
Aim: Grinder (severely wounded, poisoned, 57% to hit)
You throw a poisoned dart. The poisoned dart hits Grinder.
Grinder is severely wounded.
Grinder gestures at you.
You suddenly lose the ability to move!
Grinder gestures at you. Pain shoots through your body!
* * * LOW HITPOINT WARNING * * *
Grinder barely misses you.
Grinder looks more healthy.
Grinder hits you.
You die...

#.########.#.##.#### #.#
#.#.##.#### ##.####.####
#.#........ #.....(....#
#.##...###. #..####.##.#
#....### #. ##.##.# ###..#
#. #...#.## #..# #.
#..###...5..# #..# #.
#...(.(..@..# #..#####.
#.#####(.(....####.......#
#.............#####.
.........####### #.
###.#$..### #< #.#...# #.
#.##### .. ... ##


You could see Grinder.

Vanquished Creatures
  A kobold brigand (Sewer)
  An iguana (D:4)
  Jessica (D:2)
  Terence (D:3)
  5 river rats
  6 adders
  2 worms
  A dart slug (D:1)
  An orc (D:3)
  2 endoplasms
  7 giant cockroaches
  5 goblins
  A hobgoblin (D:3)
  10 jackals
  10 kobolds
  3 quokkas
  8 ball pythons
  8 bats
  7 frilled lizards
  12 rats
92 creatures vanquished.

Vanquished Creatures (others)
  10 plants (Sewer)
10 creatures vanquished.

Grand Total: 102 creatures vanquished

Notes
Turn   | Place    | Note
-------+----------+-------------------------------------------
     0 | D:1      | Newt the Demonspawn Gladiator began the quest for the Orb.
     0 | D:1      | Reached XP level 1. HP: 16/16 MP: 1/1
    36 | D:1      | Reached skill level 1 in Stealth
   107 | D:1      | Gained mutation: You have large cloven feet. [demonic
                  | ancestry]
   107 | D:1      | Reached XP level 2. HP: 22/22 MP: 2/2
   802 | D:2      | Reached XP level 3. HP: 29/29 MP: 3/3
   873 | D:2      | Noticed Jessica
   894 | D:2      | Killed Jessica
   905 | D:2      | Reached XP level 4. HP: 26/37 MP: 4/4
  1962 | D:3      | Found a faded altar of an unknown god.
  1984 | D:3      | Noticed Terence
  2015 | D:3      | Killed Terence
  2407 | D:3      | Gained mutation: Spells you cast may paralyse adjacent
                  | enemies. [demonic ancestry]
  2407 | D:3      | Reached XP level 5. HP: 28/42 MP: 5/5
  2644 | D:4      | Found a glowing drain.
  2666 | Sewer    | Entered a sewer
  2915 | Sewer    | Gained mutation: You have hoof-like feet. [demonic
                  | ancestry]
  2915 | Sewer    | Reached XP level 6. HP: 34/48 MP: 6/6
  3215 | Sewer    | Reached skill level 1 in Armour
  3867 | D:4      | Noticed Grinder
  3873 | D:4      | Paralysed by Grinder for 3 turns
  3895 | D:4      | HP: 2/46 [Grinder (4)]
  3907 | D:4      | HP: 2/46 [Grinder/nerve-wracking pain (13)]
  3916 | D:4      | Paralysed by Grinder for 3 turns
  3919 | D:4      | Slain by Grinder

Illustrated notes

Levels and vault maps discovered:
D:1:      matt_arrival_los_fun, layout_rooms
D:2:      layout_basic, serial_park_tiny_1, uniq_jessica
D:3:      layout_basic, hellmonk_ecumenical_altar_lost_god, grunt_ministairs_1,
          minmay_misc_feat_x, uniq_terence
D:4:      minmay_bubble_buster, layout_loops_ring,
          mainiacjoe_overflow_tiny_flanked, gup_sewer_entry_bubbles, uniq_ijyb,
          uniq_grinder

Skill      XL: |  1  2  3  4  5  6 |
---------------+-------------------+-----
Stealth        | 1 |  1.5
Fighting       | 3 4 |  4.0
Short Blades   | 3 4 |  4.0
Dodging        | 4 |  4.0
Armour         | 1 |  1.7
Throwing       | |  1.7

Action                     |  1- 3 |  4- 6 || total
---------------------------+-------+-------++-------
  Melee: Rapier            |    96 |   277 ||   373
         Kick              |    20 |    59 ||    79
         Punch             |     3 |     3 ||     6
  Throw: Throwing net      |       |     5 ||     5
         Javelin           |       |     3 ||     3
         Dart              |       |     8 ||     8
         Stone             |       |     1 ||     1
    Use: Scroll            |     5 |     5 ||    10
         Potion            |       |     4 ||     4
   Stab: Sleeping          |     1 |     2 ||     3
         Invisible         |       |     1 ||     1
 Armour: Leather armour    |    32 |    74 ||   106
  Dodge: Dodged            |    87 |   163 ||   250

Table legend: (Time is in decaauts)
 A = Elapsed time spent in this place.
 B = Non-inter-level travel time spent in this place.
 C = Inter-level travel time spent in this place.
 D = Time resting spent in this place.
 E = Time spent auto-exploring this place.
 F = Levels seen in this place.
 G = Mean time per level.
                   A        B        C        D        E       F      G
               +--------+--------+--------+--------+--------+-----+--------+
         Total |   4118 |   4052 |     66 |    385 |   2713 |   5 |  823.6 |
       Dungeon |   2943 |   2877 |     66 |    231 |   2019 |   4 |  735.8 |
         Sewer |   1174 |   1174 |      0 |    154 |    694 |   1 | 1174.0 |
               +--------+--------+--------+--------+--------+-----+--------+

Top non-repeatable levels by time:
   Sewer: 1174 daAuts
     D:3: 1128 daAuts
     D:2: 807 daAuts
     D:1: 657 daAuts
     D:4: 350 daAuts
